PL
ATHLETIC CLUB KC @ BUCKHEAD BOWTIES
09/14/2022
 
TOP OF THE 1ST
Athletic Club KC batting - Pitching for Buckhead Bowties : RHP Yin-fat Foong
Pitching: RHP Yin-fat Foong
Batting: RHB Jorge Trevino 0-0: Ball
1-0: Ball
2-0: Called Strike
2-1: Ball
3-1: Foul Ball, location: 2F
3-2: Foul Ball, location: 2F
3-2: Strikes out swinging
Batting: SHB David Henderson 0-0: Called Strike
0-1: Ground out 4-3 (Groundball, 34)
Batting: RHB Ramón Souza 0-0: Ball
1-0: Ground out 6-3 (Groundball, 6)
Top of the 1st over - 0 run(s), 0 hit(s), 0 error(s), 0 left on base; Athletic Club KC 0 - Buckhead 0
BOTTOM OF THE 1ST
Buckhead Bowties batting - Pitching for Athletic Club KC : RHP Torvald Geertsen
Pitching: RHP Torvald Geertsen
Batting: RHB Aaron Phillips 0-0: Ball
1-0: Foul Ball, location: 2F
1-1: Fly out, F7 (Flyball, 78S)
Batting: LHB Neil Lawson 0-0: Ball
1-0: Ball
2-0: Fly out, F6 (Popup, 56D)
Batting: RHB Pedro Morales 0-0: Swinging Strike
0-1: Ball
1-1: Ball
2-1: Called Strike
2-2: Strikes out swinging
Bottom of the 1st over - 0 run(s), 0 hit(s), 0 error(s), 0 left on base; Athletic Club KC 0 - Buckhead 0
TOP OF THE 2ND
Athletic Club KC batting - Pitching for Buckhead Bowties : RHP Yin-fat Foong
Batting: RHB John Downing 0-0: Called Strike
0-1: Ball
1-1: Ball
2-1: Ball
3-1: Called Strike
3-2: Foul Ball, location: 2F
3-2: Ground out 5-3 (Groundball, 5S)
Batting: RHB Ed Hopkins 0-0: Swinging Strike
0-1: Ball
1-1: Foul Ball, location: 2F
1-2: Strikes out swinging
Batting: RHB Rick Atkinson 0-0: Ball
1-0: Foul Ball, location: 2F
1-1: Swinging Strike
1-2: Ball
2-2: Foul Ball, location: 2F
2-2: Ground out 6-3 (Groundball, 6)
Top of the 2nd over - 0 run(s), 0 hit(s), 0 error(s), 0 left on base; Athletic Club KC 0 - Buckhead 0
BOTTOM OF THE 2ND
Buckhead Bowties batting - Pitching for Athletic Club KC : RHP Torvald Geertsen
Batting: LHB Tony Martínez 0-0: Ball
1-0: Fly out, F8 (Line Drive, 8RXD)
Batting: RHB Enrique Marroquín 0-0: Fly out, F8 (Flyball, 8LM)
Batting: RHB Gabriel Rodríguez 0-0: Ball
1-0: Ground out 6-3 (Groundball, 6)
Bottom of the 2nd over - 0 run(s), 0 hit(s), 0 error(s), 0 left on base; Athletic Club KC 0 - Buckhead 0
TOP OF THE 3RD
Athletic Club KC batting - Pitching for Buckhead Bowties : RHP Yin-fat Foong
Batting: LHB Rafael García 0-0: Called Strike
0-1: Swinging Strike
0-2: Strikes out swinging
Batting: LHB Bob Davis 0-0: Ground out 4-3 (Groundball, 4)
Batting: RHB Javier Díaz 0-0: Fly out, F8 (Flyball, 8RM)
Top of the 3rd over - 0 run(s), 0 hit(s), 0 error(s), 0 left on base; Athletic Club KC 0 - Buckhead 0
BOTTOM OF THE 3RD
Buckhead Bowties batting - Pitching for Athletic Club KC : RHP Torvald Geertsen
Batting: RHB Joe Andrews 0-0: Ball
1-0: Ball
2-0: Called Strike
2-1: Foul Ball, location: 2F
2-2: Fly out, F8 (Flyball, 8LXD)
Batting: RHB Dave King 0-0: Ball
1-0: Ball
2-0: Swinging Strike
2-1: Fly out, F7 (Line Drive, 78M)
Batting: RHB Greg Robinson 0-0: Called Strike
0-1: Ball
1-1: Fly out, F4 (Popup, 4)
Bottom of the 3rd over - 0 run(s), 0 hit(s), 0 error(s), 0 left on base; Athletic Club KC 0 - Buckhead 0
TOP OF THE 4TH
Athletic Club KC batting - Pitching for Buckhead Bowties : RHP Yin-fat Foong
Batting: RHB Jorge Trevino 0-0: Ball
1-0: Called Strike
1-1: Foul Ball, location: 2F
1-2: Foul Ball, location: 2F
1-2: Ground out 4-3 (Groundball, 4M)
Batting: SHB David Henderson 0-0: Fly out, F9 (Flyball, 89M)
Batting: RHB Ramón Souza 0-0: Foul Ball, location: 2F
0-1: Called Strike
0-2: Ball
1-2: Foul Ball, location: 2F
1-2: Fly out, F8 (Flyball, 8LD)
Top of the 4th over - 0 run(s), 0 hit(s), 0 error(s), 0 left on base; Athletic Club KC 0 - Buckhead 0
BOTTOM OF THE 4TH
Buckhead Bowties batting - Pitching for Athletic Club KC : RHP Torvald Geertsen
Batting: RHB Aaron Phillips 0-0: Fly out, F2 (Popup, 2LF)
Batting: LHB Neil Lawson 0-0: Called Strike
0-1: Foul Ball, location: 2F
0-2: Strikes out swinging
Batting: RHB Pedro Morales 0-0: Ball
1-0: Foul Ball, location: 2F
1-1: Swinging Strike
1-2: Foul Ball, location: 2F
1-2: Ground out 6-3 (Groundball, 6M)
Bottom of the 4th over - 0 run(s), 0 hit(s), 0 error(s), 0 left on base; Athletic Club KC 0 - Buckhead 0
TOP OF THE 5TH
Athletic Club KC batting - Pitching for Buckhead Bowties : RHP Yin-fat Foong
Batting: RHB John Downing 0-0: Foul Ball, location: 2F
0-1: Foul Ball, location: 2F
0-2: Ball
1-2: Ball
2-2: Ball
3-2: Fly out, F8 (Flyball, 8LXD)
Batting: RHB Ed Hopkins 0-0: Swinging Strike
0-1: Ball
1-1: Ground out 4-3 (Groundball, 4)
Batting: RHB Rick Atkinson 0-0: Ball
1-0: Called Strike
1-1: Foul Ball, location: 2F
1-2: Ball
2-2: Ball
3-2: Fly out, F8 (Line Drive, 8LM)
Top of the 5th over - 0 run(s), 0 hit(s), 0 error(s), 0 left on base; Athletic Club KC 0 - Buckhead 0
BOTTOM OF THE 5TH
Buckhead Bowties batting - Pitching for Athletic Club KC : RHP Torvald Geertsen
Batting: LHB Tony Martínez 0-0: Ball
1-0: Foul Ball, location: 2F
1-1: Ball
2-1: Called Strike
2-2: Ball
3-2: Base on Balls
Batting: RHB Enrique Marroquín 0-0: Ball
1-0: Ball
2-0: SINGLE (Groundball, 13) (infield hit)
Tony Martínez to second
Batting: RHB Gabriel Rodríguez 0-0: Bunted foul
0-1: Bunted foul
0-2: Ball
1-2: Ball
2-2: Foul Ball, location: 2F
2-2: Fly out, F9 (Flyball, 9LM)
Runner from 2nd tags up, SAFE at 3rd with throw
Batting: RHB Joe Andrews 0-0: Foul Ball, location: 2F
0-1: Ball
1-1: Grounds into double play, 6-4-3 (Groundball, 6)
Bottom of the 5th over - 0 run(s), 1 hit(s), 0 error(s), 1 left on base; Athletic Club KC 0 - Buckhead 0
TOP OF THE 6TH
Athletic Club KC batting - Pitching for Buckhead Bowties : RHP Yin-fat Foong
Batting: LHB Rafael García 0-0: SINGLE (Groundball, 5D)
Pitching: RHP Ken Frost
Batting: LHB Bob Davis 0-0: Called Strike
0-1: Ball
1-1: Ball
2-1: Ball
3-1: Base on Balls
Rafael García to second
Batting: RHB Javier Díaz 0-0: Sac Bunt - play at first, batter safe!
Rafael García to third
Bob Davis to second
Batting: RHB Jorge Trevino 0-0: SINGLE (Line Drive, 7S)
Rafael García scores
Bob Davis to third
Javier Díaz to second
Batting: SHB David Henderson 0-0: Ball
1-0: Foul Ball, location: 2F
1-1: Foul Ball, location: 2F
1-2: Fly out, F3 (Line Drive, 3L)
1-2: Lined into DP, U3 (Line Drive, 3L)
Batting: RHB Ramón Souza 0-0: Ball
1-0: 3-RUN HOME RUN (Line Drive, 7LD), Distance : 372 ft
Batting: RHB John Downing 0-0: Ball
1-0: Foul Ball, location: 2F
1-1: Ball
2-1: Called Strike
2-2: Foul Ball, location: 2F
2-2: Foul Ball, location: 2F
2-2: Ball
3-2: Base on Balls
Pitching: RHP Ricardo DePay
Batting: RHB Ed Hopkins 0-0: Foul Ball, location: 2F
0-1: Called Strike
0-2: Strikes out swinging
Top of the 6th over - 4 run(s), 4 hit(s), 0 error(s), 1 left on base; Athletic Club KC 4 - Buckhead 0
BOTTOM OF THE 6TH
Buckhead Bowties batting - Pitching for Athletic Club KC : RHP Torvald Geertsen
Batting: RHB Dave King 0-0: Called Strike
0-1: Ball
1-1: Ball
2-1: Swinging Strike
2-2: Strikes out swinging
Batting: RHB Greg Robinson 0-0: Ball
1-0: Ball
2-0: Called Strike
2-1: Ball
3-1: Foul Ball, location: 2F
3-2: Fly out, F7 (Flyball, 78D)
Batting: RHB Aaron Phillips 0-0: Called Strike
0-1: Called Strike
0-2: Ball
1-2: Ball
2-2: Foul Ball, location: 2F
2-2: Ball
3-2: Ground out 5-3 (Groundball, 5S)
Bottom of the 6th over - 0 run(s), 0 hit(s), 0 error(s), 0 left on base; Athletic Club KC 4 - Buckhead 0
TOP OF THE 7TH
Athletic Club KC batting - Pitching for Buckhead Bowties : RHP Ricardo DePay
Batting: RHB Rick Atkinson 0-0: Ball
1-0: Swinging Strike
1-1: SINGLE (Line Drive, 6MD)
Batting: LHB Rafael García 0-0: Bunted foul
0-1: Ball
1-1: Bunted foul
1-2: SINGLE (Flyball, 7S)
Rick Atkinson to second
Batting: LHB Bob Davis 0-0: Ball
1-0: Fielders Choice at 2nd, 2-4 (Groundball, 2R)
Rick Atkinson to third
Batting: RHB Javier Díaz 0-0: Called Strike
0-1: Ball
1-1: Ball
2-1: Called Strike
2-2: Strikes out swinging
Batting: RHB Jorge Trevino 0-0: Ground out 5-3 (Groundball, 56)
Top of the 7th over - 0 run(s), 2 hit(s), 0 error(s), 2 left on base; Athletic Club KC 4 - Buckhead 0
BOTTOM OF THE 7TH
Buckhead Bowties batting - Pitching for Athletic Club KC : RHP Torvald Geertsen
Batting: LHB Neil Lawson 0-0: Called Strike
0-1: Ball
1-1: Ball
2-1: Ball
3-1: Base on Balls
Batting: RHB Pedro Morales 0-0: Ball
1-0: Swinging Strike
1-1: Swinging Strike
1-2: Foul Ball, location: 2F
1-2: Strikes out looking
Batting: LHB Tony Martínez 0-0: Called Strike
0-1: Ball
1-1: Called Strike
1-2: Ball
2-2: Strikes out swinging
Batting: RHB Enrique Marroquín 0-0: Ball
1-0: Swinging Strike
1-1: Foul Ball, location: 2F
1-2: SINGLE (Line Drive, 7S)
Neil Lawson to second
Batting: RHB Gabriel Rodríguez 0-0: Called Strike
0-1: Foul Ball, location: 2F
0-2: Foul Ball, location: 2F
0-2: Ball
1-2: Ball
2-2: Ball
3-2: Foul Ball, location: 2F
3-2: Foul Ball, location: 2F
3-2: Base on Balls
Neil Lawson to third
Enrique Marroquín to second
Batting: RHB Joe Andrews 0-0: Ball
1-0: Foul Ball, location: 2F
1-1: Foul Ball, location: 2F
1-2: Strikes out looking
Bottom of the 7th over - 0 run(s), 1 hit(s), 0 error(s), 3 left on base; Athletic Club KC 4 - Buckhead 0
TOP OF THE 8TH
Athletic Club KC batting - Pitching for Buckhead Bowties : RHP Ricardo DePay
Batting: SHB David Henderson 0-0: Foul Ball, location: 2F
0-1: Ball
1-1: SINGLE (Line Drive, 89S)
Batting: RHB Ramón Souza 0-0: Called Strike
0-1: Ball
1-1: Swinging Strike
1-2: Foul Ball, location: 2F
1-2: Ball
2-2: Fly out, F6 (Popup, 56D)
Batting: RHB John Downing 0-0: Called Strike
0-1: Ball
1-1: Ball
2-1: Swinging Strike
2-2: Foul Ball, location: 2F
2-2: Foul Ball, location: 2F
2-2: Strikes out swinging
Batting: RHB Ed Hopkins 0-0: Ball
1-0: Foul Ball, location: 2F
1-1: Ball
2-1: Ball
3-1: Base on Balls
David Henderson to second
Batting: RHB Rick Atkinson 0-0: Swinging Strike
0-1: Fielders Choice at 2nd, U6 (Groundball, 6M)
Top of the 8th over - 0 run(s), 1 hit(s), 0 error(s), 2 left on base; Athletic Club KC 4 - Buckhead 0
BOTTOM OF THE 8TH
Buckhead Bowties batting - Pitching for Athletic Club KC : RHP Torvald Geertsen
Batting: RHB Dave King 0-0: Ball
1-0: Foul Ball, location: 2F
1-1: Called Strike
1-2: Foul Ball, location: 2F
1-2: Ball
2-2: Foul Ball, location: 2F
2-2: Fly out, F5 (Popup, 5F)
Batting: RHB Greg Robinson 0-0: Ball
1-0: Ball
2-0: Called Strike
2-1: Foul Ball, location: 2F
2-2: Strikes out swinging
Batting: RHB Aaron Phillips 0-0: Called Strike
0-1: Fly out, F7 (Flyball, 7D)
Bottom of the 8th over - 0 run(s), 0 hit(s), 0 error(s), 0 left on base; Athletic Club KC 4 - Buckhead 0
TOP OF THE 9TH
Athletic Club KC batting - Pitching for Buckhead Bowties : RHP Ricardo DePay
Batting: LHB Rafael García 0-0: Foul Ball, location: 2F
0-1: Foul Ball, location: 2F
0-2: Ball
1-2: Ground out 5-3 (Groundball, 56S)
Pitching: LHP Chris Rogers
Batting: LHB Bob Davis 0-0: SINGLE (Line Drive, 4MD)
Batting: RHB Javier Díaz 0-0: Foul Ball, location: 2F
0-1: Foul Ball, location: 2F
0-2: Ball
1-2: Foul Ball, location: 2F
1-2: Fly out, F7 (Flyball, 78S)
Batting: RHB Jorge Trevino 0-0: Ground out 5-3 (Groundball, 5S)
Top of the 9th over - 0 run(s), 1 hit(s), 0 error(s), 1 left on base; Athletic Club KC 4 - Buckhead 0
BOTTOM OF THE 9TH
Buckhead Bowties batting - Pitching for Athletic Club KC : RHP Torvald Geertsen
Pitching: RHP Gene Kirkland
Batting: LHB Neil Lawson 0-0: SINGLE (Groundball, 34D)
Batting: RHB Pedro Morales 0-0: Swinging Strike
0-1: Ball
1-1: Swinging Strike
1-2: Strikes out swinging
Batting: LHB Tony Martínez 0-0: Ground out 3-1 (Groundball, 34S)
Neil Lawson to second
Batting: RHB Enrique Marroquín 0-0: Called Strike
0-1: Foul Ball, location: 2F
0-2: SINGLE (Line Drive, 7S)
Neil Lawson to third
Runner from 3rd tries for Home, SAFE, no throw or cutoff
Pitching: RHP Joong-geun Kim
Batting: RHB Gabriel Rodríguez 0-0: Called Strike
0-1: Ball
1-1: DOUBLE (Flyball, 7D)
Enrique Marroquín to third
Batting: RHB Joe Andrews 0-0: Ball
1-0: Ball
2-0: Called Strike
2-1: Ball
3-1: Foul Ball, location: 2F
Balk!
Enrique Marroquín scores
Gabriel Rodríguez to third
3-2: Foul Ball, location: 2F
3-2: Fly out, F7 (Flyball, 78M)
Bottom of the 9th over - 2 run(s), 3 hit(s), 0 error(s), 1 left on base; Athletic Club KC 4 - Buckhead 2
This league is powered by Out of the Park Baseball, the baseball management simulation game for PC, Mac and Linux
Friday, April 15th, 2016 - OOTP Baseball 16.9 Build 39